 Dungeon Crawl Stone Soup version 0.29.0-4-gdea44cf6ec (webtiles) character file.

Game seed: 13061876159018205171

161 qw the Chopper (level 5, -15/30 HPs)
             Began as a Tengu Warper on Aug 28, 2022.
             Demolished by an ogre
             ... wielding a +0 giant club
              (17 damage)
             ... on level 4 of the Dungeon.
             The game lasted 00:00:18 (2694 turns).

qw the Chopper (Tengu Warper)                       Turns: 2694, Time: 00:00:19

Health: -15/30     AC:  6    Str: 13    XL:     5   Next: 42%
Magic:  9/9        EV: 13    Int: 14    God:
Gold:   111        SH:  0    Dex: 13    Spells: 8/8 levels left

rFire   . . .      SeeInvis .   Y - +1 hand axe
rCold   . . .      Faith    .   (no shield)
rNeg    . . .      Spirit   .   e - +0 ring mail
rPois   .          Reflect  .   (helmet restricted)
rElec   .          Harm     .   (no cloak)
rCorr   .          Rampage  .   g - +0 pair of gloves
Will    .....                   (boots unavailable)
Stlth   +.........              j - amulet of regeneration
HPRegen 0.90/turn               (no ring)
MPRegen 0.11/turn               (no ring)

@: flying quickly and evasively, quick
A: beak, talons 3, nimble flight
a: no special abilities


You were on level 4 of the Dungeon.
You visited 1 branch of the dungeon, and saw 4 of its levels.

You collected 201 gold pieces.
You spent 90 gold pieces at shops.


Innate Abilities, Weirdness & Mutations

You have a beak for a mouth.
You have claws for feet.
Your magical nature lets you fly swiftly and evasively.


   Skills:
 - Level 2.0 Fighting
 + Level 6.0 Axes
 - Level 1.0 Throwing
 - Level 1.1 Armour
 - Level 2.1 Dodging
 - Level 2.0 Spellcasting
 - Level 2.4 Translocations


You had 8 spell levels left.
You didn't know any spells.
Your spell library contained the following spells:

 Spells                   Type           Power      Damage    Failure   Level
 Blink                    Tloc           16%        N/A       28%         2
 Gell's Gravitas          Tloc           8%         N/A       50%         3
 Lesser Beckoning         Tloc           8%         N/A       50%         3
 Teleport Other           Tloc           8%         N/A       50%         3
 Manifold Assault         Tloc           8%         N/A       99%         5

Inventory:

Hand Weapons
 h - a +0 whip
 Y - a +1 hand axe (weapon)
Armour
 e - a +0 ring mail (worn)
 g - a +0 pair of gloves (worn)
Jewellery
 j - an amulet of regeneration (around neck)
Potions
 b - a potion of heal wounds {unknown}
 c - a potion of might {unknown}
 f - a potion of curing
 i - a potion of lignification {unknown}

Dungeon Overview and Level Annotations

Branches:
Dungeon (4/15)
 Temple: D:4-7

Altars:
Cheibriados
Makhleb
Vehumet
Yredelemnul

Shops:
D:2 ![*


Message History

Done exploring.
Enter note: Done exploring.
2588 ||| DROPPING ring of wizardry.
You drop a ring of wizardry.
Done exploring.
2589 ||| READING scroll labelled VEMESE MUIL.
As you read the scroll labelled VEMESE MUIL, it crumbles to dust.
You feel momentarily disoriented.
It was a scroll of magic mapping.
Done exploring.
2590 ||| DRINKING 2 fuming purple potions.
It was a potion of curing.
You feel better.
Done exploring.
(D) Dungeon
Where to? (* - list waypoints, Enter - D:3, ? - help)
What level of the Dungeon? (default 1, ? - help)
There is a stone staircase leading down here.
You fly downwards.
There is a stone staircase leading up here.
Existing waypoints: (1) D:2 (2) D:3 Assign waypoint to what number? (0-9, D - delete waypoint) Waypoint 1 re-assigned from D:2 to D:4.
A ball python comes into view.
Enter note: You closely miss the ball python.
You claw the ball python.
You kill the ball python!
Found a basalt altar of Yredelemnul.
An ogre comes into view. It is wielding a +0 giant club.
The ogre shouts!
Enter note:
Enter note: You slash the ogre!
You claw the ogre.
The ogre is heavily wounded.
The ogre hits you with a +0 giant club!!
Ouch! That really hurt!
You hit the ogre.
The ogre is severely wounded.
The ogre hits you with a +0 giant club!
Ouch! That really hurt!
You die...

########### #.........#
. #.#######.#
....#######.##### #.#
......O@........###.####
....####....###........#
. #.....# #####.##.#
##....#######.##.#
##.#.........##.#
#.############.# #.#
#....# #+# #.#..# #.....


You could see an ogre.

Vanquished Creatures
  Jessica (D:3)
  Ijyb (D:3)
  3 adders
  2 dart slugs
  2 orcs
  9 ball pythons
  6 endoplasms
  2 giant cockroaches
  8 goblins
  4 hobgoblins
  7 jackals
  3 kobolds
  4 quokkas
  8 bats
  5 frilled lizards
  7 rats
72 creatures vanquished.

Notes
Turn   | Place    | Note
-------+----------+-------------------------------------------
     0 | D:1      | qw the Tengu Warper began the quest for the Orb.
     0 | D:1      | Reached XP level 1. HP: 12/12 MP: 4/4
     0 | D:1      | 0 ||| qw: Version: 0.1-a-89-g26bdef1
     0 | D:1      | 0 ||| qw: Game counter: 2632
     0 | D:1      | 0 ||| qw: Always use a shield: true
     0 | D:1      | 0 ||| qw: God list: Okawaru
     0 | D:1      | 0 ||| qw: Allow faded altars: false
     0 | D:1      | 0 ||| qw: Do Orc after D:15 true
     0 | D:1      | 0 ||| qw: Do second Lair branch before Depths: true
     0 | D:1      | 0 ||| qw: Lair rune preference: random
     0 | D:1      | 0 ||| qw: Plans: Normal
     0 | D:1      | 0 ||| PLANNING D:1-11
    12 | D:1      | 12 ||| Stepping ~*~*~tactically~*~*~ (stealth).
    77 | D:1      | 77 ||| Stepping ~*~*~tactically~*~*~ (stealth).
    82 | D:1      | Reached skill level 3 in Axes
    82 | D:1      | Reached XP level 2. HP: 17/17 MP: 6/6
   193 | D:1      | 193 ||| Stepping ~*~*~tactically~*~*~ (stealth).
   466 | D:1      | Reached XP level 3. HP: 21/21 MP: 7/7
   649 | D:1      | Reached skill level 4 in Axes
   708 | D:1      | 708 ||| UPGRADING to +0 ring mail.
   718 | D:1      | 718 ||| DROPPING +0 leather armour.
   719 | D:1      | 719 ||| READING scroll labelled EXTALASOKKU.
   720 | D:1      | 720 ||| READING scroll labelled UPNEOK HIAXUN.
   721 | D:1      | 721 ||| DROPPING scroll of blinking.
  1051 | D:2      | Found Velonik's Antique Armour Boutique.
  1058 | D:2      | 1058 ||| SHOPLISTING glowing scale mail (140 gold, have
                  | 92).
  1058 | D:2      | 1058 ||| BUYING pair of gloves (90 gold).
  1058 | D:2      | Bought a pair of gloves for 90 gold pieces
  1058 | D:2      | 1058 ||| SHOPLISTING runed leather armour (100 gold, have
                  | 2).
  1058 | D:2      | 1058 ||| SHOPLISTING runed plate armour (520 gold, have 2).
  1081 | D:2      | Found Wuod Toypp's Assorted Antiques.
  1090 | D:2      | 1090 ||| SHOPLISTING puce potion (14 gold, have 2).
  1090 | D:2      | 1090 ||| SHOPLISTING scroll labelled VUMEUFYQ ZODY (16
                  | gold, have 2).
  1090 | D:2      | 1090 ||| SHOPLISTING scroll labelled YBBUME YRHIWN (16
                  | gold, have 2).
  1090 | D:2      | 1090 ||| SHOPLISTING scroll labelled ZASSAM IDAU (16 gold,
                  | have 2).
  1090 | D:2      | 1090 ||| SHOPLISTING scroll labelled ZIUNUMYZXO (16 gold,
                  | have 2).
  1228 | D:2      | Reached XP level 4. HP: 17/26 MP: 8/8
  1363 | D:2      | Found Zeres's Distillery.
  1377 | D:2      | 1377 ||| SHOPLISTING potion of haste (110 gold, have 2).
  1377 | D:2      | 1377 ||| SHOPLISTING potion of heal wounds (55 gold, have
                  | 2).
  1767 | D:2      | 1767 ||| UPGRADING to +0 pair of gloves.
  1772 | D:2      | 1772 ||| UPGRADING to amulet of regeneration.
  1777 | D:2      | 1777 ||| READING scroll labelled ZIUNUMYZXO.
  1878 | D:2      | 1878 ||| READING scroll labelled MAGEQU ZIPS.
  1879 | D:2      | 1879 ||| READING scroll labelled PACAIDI COES.
  1880 | D:2      | 1880 ||| READING scroll labelled ZASSAM IDAU.
  1881 | D:2      | 1881 ||| DRINKING 2 fizzy coppery potions.
  1982 | D:2      | 1982 ||| DROPPING potion of ambrosia.
  2006 | D:3      | Found a radiant altar of Vehumet.
  2035 | D:3      | Noticed Jessica
  2049 | D:3      | Killed Jessica
  2050 | D:3      | Reached skill level 5 in Axes
  2101 | D:3      | Identified the +0 pair of boots "Qinim" {Int+4}
  2124 | D:3      | 2124 ||| Stepping ~*~*~tactically~*~*~ (stealth).
  2130 | D:3      | 2130 ||| Stepping ~*~*~tactically~*~*~ (stealth).
  2131 | D:3      | 2131 ||| Stepping ~*~*~tactically~*~*~ (stealth).
  2132 | D:3      | 2132 ||| Stepping ~*~*~tactically~*~*~ (stealth).
  2183 | D:3      | Gained mutation: Your magical nature lets you fly swiftly
                  | and evasively. [Tengu growth]
  2183 | D:3      | Reached XP level 5. HP: 30/30 MP: 9/9
  2197 | D:3      | 2197 ||| Stepping ~*~*~tactically~*~*~ (stealth).
  2198 | D:3      | Noticed Ijyb
  2236 | D:3      | Killed Ijyb
  2315 | D:3      | Found a burning altar of Makhleb.
  2316 | D:3      | Found a snail-covered altar of Cheibriados.
  2349 | D:3      | Reached skill level 6 in Axes
  2351 | D:3      | 2351 ||| Stepping ~*~*~tactically~*~*~ (hiding).
  2588 | D:3      | 2588 ||| DROPPING ring of wizardry.
  2589 | D:3      | 2589 ||| READING scroll labelled VEMESE MUIL.
  2590 | D:3      | 2590 ||| DRINKING 2 fuming purple potions.
  2638 | D:4      | Found a basalt altar of Yredelemnul.
  2687 | D:4      | Noticed an ogre
  2693 | D:4      | HP: 1/30 [ogre/+0 giant club (29)]
  2694 | D:4      | Demolished by an ogre

Levels and vault maps discovered:
D:1:      dpeg_arrival_simpleton_a, layout_basic
D:2:      layout_basic, serial_shops, nicolae_shop_stone, nicolae_shop_crystal,
          shop
D:3:      kennysheep_the_goblin_king, layout_rooms, fiery_altar_vehumet,
          nicolae_overflow_two_pavilions, uniq_jessica
D:4:      layout_loops_corners, mainiacjoe_overflow_alcove_1,
          mainiacjoe_overflow_paths, mainiacjoe_overflow_small_starburst,
          mainiacjoe_overflow_surrounded_room, kennysheep_crisscross, uniq_robin

Skill      XL: |  1  2  3  4  5 |
---------------+----------------+-----
Axes           | 3 4 5 6 |  6.0
Fighting       | |  2.0
Throwing       | |  1.0
Armour         | |  1.1
Dodging        | |  2.1
Spellcasting   | |  2.0
Translocations | |  2.4

Action                   |  1- 3 |  4- 6 || total
-------------------------+-------+-------++-------
Melee: Hand axe          |    86 |    90 ||   176
       Kick              |    22 |    20 ||    42
       Peck              |     7 |    13 ||    20
       Punch             |       |     1 ||     1
Throw: Boomerang         |     7 |       ||     7
  Use: Scroll            |     2 |     5 ||     7
       Potion            |       |     2 ||     2
Armor: Leather armour    |    16 |       ||    16
       Ring mail         |    11 |    24 ||    35
Dodge: Dodged            |    55 |    37 ||    92

Table legend:
 A = Non-vault XP
 B = Vault XP
 C = Vault XP percentage of total XP
 D = Non-vault monster count
 E = Vault monster count
 F = Vault count percentage of total count
                 A         B        C        D         E       F
            +---------+---------+-------+---------+---------+-------
      Total |     146 |      85 |  36.8 |      64 |       8 |  11.1
            +---------+---------+-------+---------+---------+-------
        D:1 |      46 |       0 |   0.0 |      27 |       0 |   0.0
        D:2 |      43 |       0 |   0.0 |      17 |       0 |   0.0
        D:3 |      56 |      85 |  60.3 |      19 |       8 |  29.6
        D:4 |       1 |       0 |   0.0 |       1 |       0 |   0.0
            +---------+---------+-------+---------+---------+-------
